 Dungeon Crawl Stone Soup version 0.19.1 (webtiles) character file.

8213 empire the Archer (level 11, -7/91 HPs)
             Began as a Centaur Wanderer on Dec 23, 2016.
             Was an Elder of Nemelex Xobeh.
             Mangled by a yak (11 damage)
             ... on level 12 of the Dungeon.
             The game lasted 00:45:20 (14247 turns).

empire the Archer (Centaur Wanderer)               Turns: 14247, Time: 00:45:21

Health: -7/91      AC: 18    Str: 19    XL:     11   Next: 6%
Magic:  18/18      EV:  5    Int: 12    God:    Nemelex Xobeh [****..]
Gold:   321        SH:  0    Dex: 12    Spells: 0 memorised, 10 levels left

rFire  . . .     SeeInvis .     b - +0 shortbow
rCold  . . .     Gourm    .     k - +2 scale mail
rNeg   . . .     Faith    .     (shield currently unavailable)
rPois  .         Spirit   .     g - +1 helmet
rElec  .         Reflect  .     (no cloak)
rCorr  .         Harm     .     (no gloves)
MR     .....                    E - +1 centaur barding
Stlth  ..........               o - amulet of regeneration
                                K - ring of wizardry
                                e - +5 ring of strength

@: very quick
A: hooves 3, deformed body, speed 2, tough skin 3
a: Triple Draw, Deal Four, Renounce Religion


You were on level 12 of the Dungeon.
You worshipped Nemelex Xobeh.
Nemelex Xobeh was greatly pleased with you.
You were not hungry.

You visited 2 branches of the dungeon, and saw 13 of its levels.

You collected 616 gold pieces.
You spent 295 gold pieces at shops.

Inventory:

Hand Weapons
 a - a +1 hand axe of freezing
 b - a +0 shortbow (weapon)
 D - a +0 dagger of freezing
 F - a +4 great sword
 G - a +3 dagger of chaos
 I - a +3 war axe
 J - a +1 spear
 O - a +0 hand crossbow
Missiles
 c - 8 javelins
 h - 5 bolts
 j - 133 arrows (quivered)
 t - 61 poisoned needles
 N - 7 curare-tipped needles
 Q - 4 needles of sleeping
Armour
 g - a +1 helmet (worn)
 k - a +2 scale mail (worn)
 E - a +1 centaur barding (worn)
 S - a +1 robe of magic resistance
Magical Staves
 s - an uncursed staff of energy
Jewellery
 e - a +5 ring of strength (left hand)
 o - an amulet of regeneration (around neck)
 K - a ring of wizardry (right hand)
Wands
 f - a wand of random effects (13/48)
 m - a wand of iceblast (2/15)
 w - a wand of polymorph (19/24)
 B - a wand of confusion (28/48)
Scrolls
 p - 4 scrolls of remove curse
 r - 3 scrolls of immolation
 A - a scroll of fog
 C - a scroll of teleportation
 H - a scroll of enchant weapon
 L - a scroll of magic mapping
 U - a scroll of brand weapon
Books
 l - Peruse's Catalogue of Attacks and Moulding
   (You found it on level 12 of the Dungeon)

   Spells                             Type                      Level
   a - Throw Frost                    Conjuration/Ice              2
   b - Fulminant Prism                Conjuration/Hexes            4
   c - Hydra Form                     Transmutation                6
   d - Delayed Fireball               Conjuration/Fire             7
 y - a book of Flames

   Spells                             Type                      Level
   a - Flame Tongue                   Conjuration/Fire             1
   b - Throw Flame                    Conjuration/Fire             2
   c - Conjure Flame                  Conjuration/Fire             3
   d - Inner Flame                    Hexes/Fire                   3
   e - Sticky Flame                   Conjuration/Fire             4
   f - Fireball                       Conjuration/Fire             5
Miscellaneous
 i - an ornate deck of escape
 v - an ornate deck of summoning
 x - a plain deck of summoning
 T - a legendary deck of summoning
Comestibles
 d - 4 bread rations
 n - 7 meat rations
 q - 7 fruits
 u - 4 beef jerkies
 z - 11 royal jellies
 M - 4 chunks of flesh


   Skills:
 - Level 6.8 Fighting
 - Level 11.0 Bows
 - Level 1.1 Throwing
 + Level 6.0 Armour
 - Level 1.0 Stealth
 - Level 4.1 Invocations
 - Level 10.0 Evocations


You had 10 spell levels left.
You didn't know any spells.

Dungeon Overview and Level Annotations

Branches:
Dungeon (12/15)            Temple (1/1) D:7            Lair (0/6) D:10
    Orc (0/2) D:9

Altars:
Ashenzari
Cheibriados
Dithmenos
Elyvilon
Fedhas
Gozag
Hepliaklqana
Kikubaaqudgha
Makhleb
Nemelex Xobeh
Okawaru
Qazlal
Ru
Sif Muna
Trog
Uskayaw
Vehumet
Xom
Yredelemnul
Zin
The Shining One

Shops:
D:6 [?

Annotations:
D:11 evildog's ghost, journeyman MfGl


Innate Abilities, Weirdness & Mutations

You have hooves in place of feet.
Armour fits poorly on your strangely shaped body.
You cover ground very quickly.
You have extremely tough skin. (AC +3)


Message History

Firing (i - inventory. (,) - cycle):
j - 136 arrows (quivered)
Press: ? - help, Shift-Dir - straight line, f/p - yak
Aim: a yak (moderately wounded)
You shoot an arrow. The arrow hits the yak!
The yak is heavily wounded.
Firing (i - inventory. (,) - cycle):
j - 135 arrows (quivered)
Press: ? - help, Shift-Dir - straight line, f/p - yak
Aim: a yak (heavily wounded)
You shoot an arrow. The arrow hits the yak!
The yak is severely wounded.
The yak gores you!
* * * LOW HITPOINT WARNING * * *
Firing (i - inventory. (,) - cycle):
j - 134 arrows (quivered)
Press: ? - help, Shift-Dir - straight line, f/p - yak
Aim: a yak (severely wounded)
You shoot an arrow. The arrow hits the yak.
The yak is severely wounded.
The yak gores you!
You die...
Your body glows with a rainbow of weird colours and disappears.

###################### ####
#..รท.........#.......# #...
#...<........#.......# #...
#............#.......+ #...
#............#.......# #...
#............#.......# #...
#+##.######(.#'###'###########
#.. #.Y@..#............. #..
#.....#............. #...
#.....#.............
#.....#.............
#################### #. #. #.
#.


You could see a yak.

Vanquished Creatures
  Pikel (D:7)
  Psyche (D:9)
  2 trolls
  Prince Ribbit (D:9)
  3 hippogriffs
  7 yaks
  A hungry ghost (D:10)
  A mottled dragon (D:11)
  A swamp drake (D:4)
  2 orc warriors (D:8)
  2 phantoms
  A wolf (D:10)
  8 centaurs
  3 ogres
  A crocodile (D:9)
  2 big kobolds
  8 bullfrogs
  A gnoll sergeant (D:8)
  3 scorpions
  4 killer bees (D:8)
  12 wights
  10 crimson imps
  2 bullfrog zombies
  3 howler monkeys
  A centaur zombie (D:8)
  6 orc wizards
  2 bullfrog skeletons (D:8)
  8 hounds
  8 jellies
  Jessica (D:3)
  2 iguanas
  10 worker ants
  Robin (D:2)
  A howler monkey zombie (D:6)
  4 gnolls (D:8)
  13 adders
  3 shadow imps
  8 oozes
  An adder zombie (D:6)
  An adder skeleton (D:4)
  5 dart slugs
  4 leopard geckos
  31 orcs
  7 bats
  4 giant cockroaches
  16 goblins
  6 hobgoblins
  7 jackals
  3 quokkas
  2 ball pythons (D:2)
  A ball python skeleton (D:4)
  A frilled lizard (D:1)
  A jackal skeleton (D:5)
  27 kobolds
  A leopard gecko skeleton (D:5)
  4 rats
  21 plants (D:6)
  3 withered plants (D:8)
294 creatures vanquished.

Vanquished Creatures (collateral kills)
  The ghost of ZomBoFoB the Slasher, an amateur DsCK of Xom (D:3)
1 creature vanquished.

Vanquished Creatures (others)
  A bullfrog (D:6)
  4 gnolls (D:7)
5 creatures vanquished.

Grand Total: 300 creatures vanquished

Notes
Turn   | Place    | Note
-------+----------+-------------------------------------------
     0 | D:1      | empire the Centaur Wanderer began the quest for the Orb.
     0 | D:1      | empire set off with: a +2 scale mail, a +0 hand axe, a potion of curing, a bread ration
     0 | D:1      | Reached XP level 1. HP: 17/17 MP: 1/1
   247 | D:1      | Reached XP level 2. HP: 24/25 MP: 2/2
   500 | D:2      | Noticed Robin
   518 | D:2      | Reached XP level 3. HP: 8/31 MP: 3/3
   596 | D:2      | Killed Robin
  1098 | D:2      | Reached XP level 4. HP: 41/41 MP: 4/4
  1493 | D:3      | Reached skill level 5 in Fighting
  1674 | D:3      | Found a snail-covered altar of Cheibriados.
  1854 | D:3      | Found a sparkling altar of Nemelex Xobeh.
  1854 | D:3      | Noticed Jessica
  1866 | D:3      | Killed Jessica
  1866 | D:3      | Reached XP level 5. HP: 36/48 MP: 5/5
  1888 | D:3      | Became a worshipper of Nemelex Xobeh the Trickster
  1929 | D:3      | Received a gift from Nemelex Xobeh
  2118 | D:3      | Noticed ZomBoFoB's ghost (amateur DsCK)
  2145 | D:3      | Killed ZomBoFoB's ghost
  2438 | D:4      | Reached XP level 6. HP: 53/56 MP: 8/8
  2845 | D:4      | Received a gift from Nemelex Xobeh
  2921 | D:4      | Reached * piety under Nemelex Xobeh
  2991 | D:4      | Noticed Eustachio
  3008 | D:4      | Noticed Eustachio
  3021 | D:4      | Killed Eustachio the swamp drake
  3266 | D:4      | Reached XP level 7. HP: 33/64 MP: 10/10
  3526 | D:4      | Reached skill level 5 in Bows
  3944 | D:5      | Entered Level 5 of the Dungeon
  3980 | D:5      | Received a gift from Nemelex Xobeh
  4004 | D:5      | Found a shimmering altar of Xom.
  4128 | D:5      | Reached skill level 6 in Bows
  4382 | D:5      | Reached skill level 7 in Bows
  4657 | D:5      | Reached skill level 8 in Bows
  4657 | D:5      | Reached XP level 8. HP: 60/71 MP: 11/11
  4796 | D:5      | Reached skill level 9 in Bows
  4960 | D:5      | Found a deep blue altar of Sif Muna.
  4966 | D:5      | Found a shadowy altar of Dithmenos.
  4969 | D:5      | Found a white marble altar of Elyvilon.
  5150 | D:6      | Reached skill level 10 in Bows
  5364 | D:6      | Reached ** piety under Nemelex Xobeh
  5390 | D:6      | Found Yfena's Armour Shop.
  5398 | D:6      | Bought a +0 centaur barding for 253 gold pieces
  5480 | D:6      | Reached skill level 11 in Bows
  5704 | D:6      | Reached skill level 1 in Evocations
  5987 | D:6      | Found Oggaut's Magic Scroll Emporium.
  6000 | D:6      | Bought a scroll of magic mapping for 42 gold pieces
  6147 | D:6      | Reached XP level 9. HP: 77/78 MP: 12/12
  7497 | D:7      | Found a staircase to the Ecumenical Temple.
  7552 | D:7      | Noticed Pikel
  7588 | D:7      | Killed Pikel
  7588 | D:7      | Reached skill level 5 in Evocations
  7938 | D:7      | Identified the Handbook of Toxic Displacement
  8504 | Temple   | Entered the Ecumenical Temple
  8601 | Temple   | Reached *** piety under Nemelex Xobeh
  8866 | D:8      | Received a gift from Nemelex Xobeh
  9366 | D:8      | HP: 3/78 [centaur/arrow (11)]
  9755 | D:8      | Found a basalt altar of Yredelemnul.
  9807 | D:8      | Reached XP level 10. HP: 77/84 MP: 16/16
 10158 | D:8      | Found a shattered altar of Ashenzari.
 10840 | D:9      | Noticed Prince Ribbit
 10854 | D:9      | Killed Prince Ribbit
 11400 | D:9      | Noticed Psyche
 11407 | D:9      | Killed Psyche
 11408 | D:9      | Received a gift from Nemelex Xobeh
 11517 | D:9      | Reached skill level 10 in Evocations
 11835 | D:9      | Found a staircase to the Orcish Mines.
 12372 | D:9      | Reached **** piety under Nemelex Xobeh
 12615 | D:10     | Entered Level 10 of the Dungeon
 12635 | D:10     | HP: 2/126 [troll (5)]
 12959 | D:10     | Found a staircase to the Lair.
 13003 | D:10     | HP: 1/84 [wolf (5)]
 13290 | D:9      | Reached skill level 5 in Armour
 13727 | D:11     | Noticed evildog's ghost (journeyman MfGl)
 13844 | D:12     | Identified Peruse's Catalogue of Attacks and Moulding
 13850 | D:12     | Received a gift from Nemelex Xobeh
 13959 | D:11     | Reached XP level 11. HP: 89/91 MP: 18/18
 14246 | D:12     | HP: 4/91 [yak (11)]
 14247 | D:12     | Mangled by a yak

Skill      XL: |  1  2  3  4  5  6  7  8  9 10 11 |
---------------+----------------------------------+-----
Fighting       | 3 4 5 6 |  6.8
Invocations    | 3 4 |  4.1
Bows           | 8 11 | 11.0
Evocations     | 3 8 10 | 10.0
Armour         | 5 6 |  6.0
Throwing       | |  1.1
Stealth        | |  1.0

Action                   |  1- 3 |  4- 6 |  7- 9 | 10-12 || total
-------------------------+-------+-------+-------+-------++-------
Melee: Hand axe          |   124 |   252 |   605 |   371 ||  1352
       Kick              |    20 |    43 |   275 |   120 ||   458
 Fire: Shortbow          |       |       |   689 |   239 ||   928
Throw: Javelin           |       |       |     2 |       ||     2
Evoke: Deck              |       |    10 |       |     2 ||    12
       Wand              |       |       |     1 |     3 ||     4
  Use: Scroll            |     6 |     5 |     9 |     8 ||    28
       Potion            |     2 |     6 |     1 |     7 ||    16
 Stab: Distracted        |       |     1 |       |       ||     1
  Eat: Chunk             |       |     6 |    18 |    17 ||    41
Armor: Scale mail        |    87 |   189 |   360 |   513 ||  1149
       Skin              |    47 |    45 |    12 |       ||   104
Dodge: Dodged            |    68 |    79 |   149 |   163 ||   459
